 Dungeon Crawl Stone Soup version 0.31-a0-986-g5e6e4ef867 (webtiles) character file.

Game seed: 6691617078158222455

1609 ytrimaz the Sneak (level 8, -2/43 HPs)
             Began as a Vine Stalker Gladiator on Nov 3, 2023.
             Slain by an orc warrior
             ... wielding a +0 halberd
              (9 damage)
             ... on level 6 of the Dungeon.
             The game lasted 00:07:06 (4162 turns).

ytrimaz the Sneak (Vine Stalker Gladiator)          Turns: 4162, Time: 00:07:07

Health: -2/43      AC:  5    Str: 18    XL:     8   Next: 95%
Magic:  0/9        EV: 14    Int:  8    God:
Gold:   192        SH:  0    Dex: 17    Spells: 7/7 levels left

rFire   . . .        a - +0 rapier
rCold   . . .        (no shield)
rNeg    . . .        n - +0 troll leather armour {Pargi}
rPois   .            c - +0 helmet
rElec   .            p - +0 cloak
rCorr   .            (no gloves)
SInv    .            (no boots)
Will    +....        x - amulet of regeneration
Stlth   +++          m - ring of flight
HPRegen 2.67/turn    (no ring)
MPRegen 0.11/turn

%: guardian spirit
@: flying
A: fangs 3, regeneration 1, magic shield, antimagic bite, no potion heal 2
a: no special abilities


You were on level 6 of the Dungeon.
You visited 1 branch of the dungeon, and saw 6 of its levels.
You also visited: Ossuary.

You collected 192 gold pieces.


Innate Abilities, Weirdness & Mutations

You have razor-sharp teeth.
Your natural rate of healing is unusually fast.
When hurt, damage is shared between your health and your magic reserves.
Your bite disrupts and absorbs the magic of your enemies.
Potions cannot restore your health.


   Skills:
 - Level 5.0 Fighting
 + Level 5.7 Short Blades
 - Level 1.7 Throwing
 + Level 5.2 Dodging
 + Level 7.1 Stealth


You had 7 spell levels left.
You didn't know any spells.
Your spell library contained the following spells:

 Spells                   Type           Power      Damage    Failure   Level
 Slow                     Hex            0%         N/A       45%         1
 Confusing Touch          Hex            0%         N/A       83%         3
 Frozen Ramparts          Ice            0%         1d1       83%         3
 Sigil of Binding         Hex            0%         N/A       83%         3
 Vampiric Draining        Necr           0%         2d6       83%         3
 Petrify                  Tmut/Erth      0%         N/A       99%         4
 Metabolic Englaciation   Hex/Ice        0%         N/A       100%        5

Inventory:

Hand Weapons
 a - a +0 rapier (weapon)
 l - a +4 dagger
   (You took it off an orc wizard on level 6 of the Dungeon)
Missiles
 d - 4 throwing nets
 e - a javelin
 j - 5 atropa-tipped darts (quivered)
Armour
 c - a +0 helmet (worn)
 n - a +0 troll leather armour (worn) {Pargi}
   (You found it on level 3 of the Dungeon)
 p - a +0 cloak (worn)
   (You found it on level 4 of the Dungeon)
Jewellery
 m - a ring of flight (left hand)
   (You found it on level 3 of the Dungeon)
 x - an amulet of regeneration (around neck)
   (You found it on level 6 of the Dungeon)
Scrolls
 f - 3 scrolls of teleportation
 g - 5 scrolls of noise
 o - 3 scrolls of revelation
 q - 2 scrolls of blinking {unknown}
 s - a scroll of immolation {unknown}
 u - 2 scrolls of identify
 v - 2 scrolls of enchant armour {unknown}
 w - a scroll of brand weapon {unknown}
 y - a scroll of fear {unknown}
Potions
 b - a potion of mutation {unknown}
 h - 3 potions of attraction
 i - 2 potions of curing
 k - 4 potions of might
 r - 5 potions of haste {unknown}
 t - a potion of resistance {unknown}
 z - a potion of invisibility {unknown}
 A - 2 potions of berserk rage {unknown}
 B - a potion of magic {unknown}
 C - a potion of lignification {unknown}
 D - a potion of heal wounds {unknown}
 E - 2 potions of cancellation {unknown}
 F - a potion of enlightenment {unknown}

Dungeon Overview and Level Annotations

Branches:
Dungeon (6/15) Zot: 26357 Ossuary (visited)
 Temple: D:4-7

Altars:
Elyvilon
Vehumet

Annotations:
D:3 1 runed translucent door, Runia's ghost, amateur BaHs

..##...##.##.##....#
..##...##.##.##....#
..##<..##..........##
..##...##...........###
...+...................
.###...##...........#
...###.##......)....##..
.### #.##.#####oo......#
.#####.##.#####.@...##.#
.......##...........#
#####.......####.##.#
....#.....#.# #.# .#
#####.......####.# .
.................. .
.....>....#####... ..
.....#.##.# ...
.....#.##.#


You could see an orc warrior and an orc.


Message History

An orc priest comes into view. It is wielding a +0 club.
An orc priest is nearby!
An orc priest is nearby!
An orc priest is nearby!
An orc priest is nearby!
An orc priest is nearby!
An orc priest is nearby!
Unknown command.
An orc warrior comes into view. It is wielding a +0 halberd.
The orc warrior moves out of view.
An orc comes into view. It is wielding a +0 dagger.
The orc shouts!
An orc comes into view. It is wielding a +0 dagger.
The orc shouts!
The orc warrior misses you.
The orc priest looks satisfied for a moment.
The orc warrior hits you from afar with a +0 halberd!
The orc priest barely misses you.
An iguana comes into view. 😕 HP[-8] MP[-2]
You take 8 damage, and now have 35/43 hp.
You lost 2 mp, and now have 7/9 mp.
You barely miss the orc priest. Your bite misses the orc priest.
The orc warrior closely misses you. The orc priest barely misses you.
The iguana hisses menacingly. 😕 HP[+2] MP[+1]
You regained 2 hp, and now have 37/43 hp.
Unknown command.
You puncture the orc priest! The orc warrior closely misses you.
The orc priest hits you with a +0 club.
The orc hits you but does no damage. 😕 HP[+2]
You regained 2 hp, and now have 39/43 hp.
Unknown command.
You hit the orc priest. Your punch misses the orc priest.
You bite the orc priest.
You kill the orc priest!
The orc warrior closely misses you.
The orc hits you with a +0 dagger. 😕 HP[+1]
You hit the orc.
The orc warrior hits you from afar with a +0 halberd!
The orc closely misses you.
The orc hits you but does no damage. 😕 HP[-5] MP[-2]
You take 5 damage, and now have 35/43 hp.
You lost 2 mp, and now have 6/9 mp.
You hit the orc.
You kill the orc!
The orc warrior hits you from afar with a +0 halberd!
The orc hits you but does no damage. 😮 HP[-4] MP[-1]
You take 4 damage, and now have 31/43 hp.
You lost 1 mp, and now have 5/9 mp.
Unknown command.
Unknown command.
You closely miss the iguana. You bite the iguana. You drain its power.
You feel invigorated. 😕 HP[+2] MP[+4]
You regained 2 hp, and now have 33/43 hp.
Your mp is fully restored (9).
You hit the iguana. Your bite misses the iguana.
The orc warrior hits you from afar with a +0 halberd!
The orc completely misses you.
The iguana closely misses you. 😮 HP[-7] MP[-3]
You take 7 damage, and now have 26/43 hp.
You lost 3 mp, and now have 6/9 mp.
Unknown command.
You completely miss the iguana. You bite the iguana, but do no damage.
The orc warrior misses you. The orc barely misses you.
The iguana misses you. 😮 HP[+2]
You regained 2 hp, and now have 28/43 hp.
You puncture the iguana!
You kill the iguana!
The orc warrior hits you from afar with a +0 halberd!
The orc hits you but does no damage. 😮 HP[-5] MP[-1]
You take 5 damage, and now have 23/43 hp.
You lost 1 mp, and now have 5/9 mp.
Unknown command.
The orc warrior hits you with a +0 halberd.
The orc closely misses you.
Things that are here:
a +0 dagger; a +0 club; an orc corpse; 😮 HP[-1] MP[-1]
You take 1 damage, and now have 22/43 hp.
You lost 1 mp, and now have 4/9 mp.
The orc warrior hits you with a +0 halberd!
* * * LOW HITPOINT WARNING * * *
The orc attacks as it pursues you! The orc hits you with a +0 dagger.
* * * LOW HITPOINT WARNING * * *
😨 HP[-11] MP[-2]
You take 11 damage, and now have 11/43 hp.
MASSIVE DAMAGE!! (PAUSE)
You lost 2 mp, and now have 2/9 mp.
The orc warrior hits you with a +0 halberd!
* * * LOW HITPOINT WARNING * * *
😱 HP[-6] MP[-1]
You take 6 damage, and now have 5/43 hp.
You lost 1 mp, and now have 1/9 mp.
Unknown command.
You closely miss the orc warrior. The orc barely misses you.
The orc warrior hits you with a +0 halberd!
You die...

Skill      XL: |  1  2  3  4  5  6  7  8 |
---------------+-------------------------+-----
Fighting       | 2 3 4 5 |  5.0
Stealth        | 1 2 3 4 5 7 |  7.1
Short Blades   | 3 4 5 |  5.7
Dodging        | 3 4 5 |  5.2
Throwing       | |  1.7

Action                     |  1- 3 |  4- 6 |  7- 9 || total
---------------------------+-------+-------+-------++-------
  Melee: Rapier            |    86 |   103 |   233 ||   422
         Bite              |    15 |    32 |    89 ||   136
         Punch             |     1 |       |     2 ||     3
    Use: Scroll            |       |     3 |     2 ||     5
   Stab: Sleeping          |     1 |     2 |    10 ||    13
 Armour: Leather armour    |    42 |    31 |       ||    73
         Troll leather arm |       |    42 |   137 ||   179
  Dodge: Dodged            |    70 |    79 |   131 ||   280

Levels and vault maps discovered:
D:1:      beargit_arrival_greenhouse, layout_basic, serial_forest,
          infiniplex_forest_clump_curved, infiniplex_forest_clump_small,
          infiniplex_forest_straight_2, infiniplex_forest_lined_1,
          infiniplex_forest_clump_small, infiniplex_forest_straight_2,
          infiniplex_forest_straight_2, infiniplex_forest_end_1,
          hex_intersection
D:2:      layout_basic, minmay_pentomino_o2
D:3:      layout_loops_ring, hellmonk_ghost_happy_afterlife, uniq_pargi
D:4:      layout_loops_corners, nicolae_elyvilon_peaceful_grove
D:5:      layout_rooms, nicolae_vehumet_radiance
D:6:      layout_basic, nicolae_ossuary_entry_ruins, billiards_dpeg

Notes
Turn   | Place    | Note
-------+----------+-------------------------------------------
     0 | D:1      | ytrimaz the Vine Stalker Gladiator began the quest for the
                  | Orb.
     0 | D:1      | Reached XP level 1. HP: 11/11 MP: 2/2
     0 | D:1      | magus.rc [v1.9.6]
   243 | D:1      | Reached XP level 2. HP: 15/15 MP: 3/3
   248 | D:1      | Reached skill level 2 in Fighting
   248 | D:1      | Reached skill level 1 in Stealth
   304 | D:1      | You pick up a book of Sloth and begin reading...
   304 | D:1      | You add the spells Frozen Ramparts, Petrify and Metabolic
                  | Englaciation to your library.
  1058 | D:2      | You fall into a shaft and drop 1 floor!
  1158 | D:3      | Reached skill level 3 in Short Blades
  1158 | D:3      | Reached XP level 3. HP: 18/18 MP: 4/4
  1274 | D:3      | Noticed Runia's ghost (amateur BaHs)
  1277 | D:3      | Found a runed translucent door.
  1308 | D:3      | Reached skill level 2 in Stealth
  1312 | D:3      | Reached XP level 4. HP: 23/23 MP: 5/5
  1442 | D:3      | Reached skill level 3 in Dodging
  1506 | D:3      | Noticed Pargi
  1518 | D:3      | Killed Pargi
  1519 | D:3      | Reached skill level 3 in Fighting
  1519 | D:3      | Reached skill level 3 in Stealth
  1519 | D:3      | Reached XP level 5. HP: 10/28 MP: 4/6
  1664 | D:3      | Reached XP level 6. HP: 32/32 MP: 4/7
  1955 | D:4      | Noticed a black bear
  1956 | D:4      | Found a white marble altar of Elyvilon.
  1970 | D:4      | Killed a black bear
  1971 | D:4      | Reached skill level 4 in Short Blades
  1971 | D:4      | Reached skill level 4 in Stealth
  2259 | D:4      | Reached XP level 7. HP: 26/36 MP: 8/8
  2406 | D:4      | Reached skill level 4 in Dodging
  2704 | D:5      | Entered Level 5 of the Dungeon
  2730 | D:5      | Reached skill level 5 in Stealth
  2732 | D:5      | Reached skill level 4 in Fighting
  2955 | D:5      | Identified the +2 ring mail of Zin, Enfolding {Str+5 Int+8
                  | Dex-2}
  2965 | D:5      | Found a radiant altar of Vehumet.
  3016 | D:5      | Gained mutation: You have razor-sharp teeth. [Vine Stalker
                  | growth]
  3016 | D:5      | Reached XP level 8. HP: 41/42 MP: 9/9
  3018 | D:5      | You pick up a book of Debilitation and begin reading...
  3018 | D:5      | You add the spells Slow, Sigil of Binding, Vampiric
                  | Draining and Confusing Touch to your library.
  3274 | D:6      | Found a sand-covered staircase.
  3288 | D:6      | Reached skill level 5 in Short Blades
  3297 | Ossuary  | Entered an ossuary
  3340 | Ossuary  | Reached skill level 6 in Stealth
  3785 | D:6      | Reached skill level 5 in Fighting
  3785 | D:6      | Reached skill level 5 in Dodging
  3916 | D:6      | Reached skill level 7 in Stealth
  4161 | D:6      | HP: 5/43 [orc warrior/+0 halberd (9)]
  4162 | D:6      | Slain by an orc warrior

Vanquished Creatures
  Pargi (D:3)
  An ice beast (D:6)
  A black bear (D:4)
  An ogre (D:4)
  2 phantoms
  A bullfrog (D:6)
  A scorpion (D:4)
  A wight (D:6)
  3 howler monkeys
  3 human zombies (Ossuary)
  4 hounds
  2 orc priests
  2 jellies
  3 iguanas
  A gnoll bouda (D:5)
  4 orc wizards
  4 mummies (Ossuary)
  8 gnolls
  7 adders
  A white imp (D:6)
  A worm (D:3)
  2 dart slugs (D:3)
  19 orcs
  3 ball pythons
  7 endoplasms
  2 goblins
  6 hobgoblins
  7 jackals
  2 quokkas
  3 bats
  2 frilled lizards (D:3)
  4 hobgoblin zombies (Ossuary)
  A kobold (D:1)
  An orc zombie (Ossuary)
  2 rats
113 creatures vanquished.

Vanquished Creatures (others)
  A butterfly (D:4)
1 creature vanquished.

Grand Total: 114 creatures vanquished

Table legend:
 A = Non-vault XP
 B = Vault XP
 C = Vault XP percentage of total XP
 D = Non-vault monster count
 E = Vault monster count
 F = Vault count percentage of total count
                 A         B        C        D         E       F
            +---------+---------+-------+---------+---------+-------
      Total |    1780 |     519 |  22.6 |      96 |      17 |  15.0
            +---------+---------+-------+---------+---------+-------
        D:1 |      24 |       0 |   0.0 |      14 |       0 |   0.0
        D:2 |       2 |       0 |   0.0 |       1 |       0 |   0.0
        D:3 |     216 |     136 |  38.6 |      32 |       1 |   3.0
        D:4 |     504 |       0 |   0.0 |      18 |       0 |   0.0
        D:5 |     390 |       0 |   0.0 |      11 |       0 |   0.0
        D:6 |     644 |     176 |  21.5 |      20 |       4 |  16.7
    Ossuary |       0 |     207 | 100.0 |       0 |      12 | 100.0
            +---------+---------+-------+---------+---------+-------

Skill      XL: |  1  2  3  4  5  6  7  8 |
---------------+-------------------------+-----
Fighting       | 2 3 4 5 |  5.0
Stealth        | 1 2 3 4 5 7 |  7.1
Short Blades   | 3 4 5 |  5.7
Dodging        | 3 4 5 |  5.2
Throwing       | |  1.7

Action                     |  1- 3 |  4- 6 |  7- 9 || total
---------------------------+-------+-------+-------++-------
  Melee: Rapier            |    86 |   103 |   233 ||   422
         Bite              |    15 |    32 |    89 ||   136
         Punch             |     1 |       |     2 ||     3
    Use: Scroll            |       |     3 |     2 ||     5
   Stab: Sleeping          |     1 |     2 |    10 ||    13
 Armour: Leather armour    |    42 |    31 |       ||    73
         Troll leather arm |       |    42 |   137 ||   179
  Dodge: Dodged            |    70 |    79 |   131 ||   280

Illustrated notes

Table legend:
 A = Kills in this place as a percentage of kills in the entire game.
 B = Kills by you in this place as a percentage of kills by you in the entire game.
 C = Kills by friends in this place as a percentage of kills by friends in the entire game.
 D = Other kills in this place as a percentage of other kills in the entire game.
 E = Experience gained in this place as a percentage of experience gained in the entire game.
 F = Experience gained in this place divided by the number of levels of this place that you have seen.
                   A       B       C       D       E      F
               +-------+-------+-------+-------+-------+----------------------
         Total | 100.0 | 100.0 |   N/A |   N/A | 100.0 | 328.4
       Dungeon |  89.4 |  89.4 |   N/A |   N/A |  91.0 | 348.7
       Ossuary |  10.6 |  10.6 |   N/A |   N/A |   9.0 | 207.0
               +-------+-------+-------+-------+-------+----------------------

Table legend: (Time is in decaauts)
 A = Elapsed time spent in this place.
 B = Non-inter-level travel time spent in this place.
 C = Inter-level travel time spent in this place.
 D = Time resting spent in this place.
 E = Time spent auto-exploring this place.
 F = Levels seen in this place.
 G = Mean time per level.
                   A        B        C        D        E       F      G
               +--------+--------+--------+--------+--------+-----+--------+
         Total |   4155 |   3974 |    181 |      0 |   2943 |   7 |  593.6 |
       Dungeon |   3890 |   3709 |    181 |      0 |   2813 |   6 |  648.3 |
       Ossuary |    264 |    264 |      0 |      0 |    130 |   1 |  264.0 |
               +--------+--------+--------+--------+--------+-----+--------+

Top non-repeatable levels by time:
     D:1: 965 daAuts
     D:3: 851 daAuts
     D:4: 797 daAuts
     D:6: 641 daAuts
     D:5: 539 daAuts
 Ossuary: 264 daAuts
     D:2: 95 daAuts
